[Event "Early-Titled-Tuesday-Blitz-February-20-2024"]
[Site "Chess.com"]
[Date "2024.02.20"]
[Round "4"]
[White "aldebaran52"]
[Black "Attacker_2006"]
[Result "1-0"]
[WhiteElo "2191"]
[BlackElo "2379"]
[TimeControl "180+1"]
[EndTime "8:39:38 PST"]
[Termination "aldebaran52 won by checkmate"]

1. d4 d5 2. Nf3 Nf6 3. g3 Bf5 4. Bg2 c6 5. O-O e6 6. c4 Bd6 7. Qb3 Qc7 8. c5 Be7 9. Bf4 Qc8 10. Nc3 Nbd7 11. Nh4 Bg6 12. Nxg6 hxg6 13. e4 b6 14. e5 Nh5 15. cxb6 Nxb6 16. Be3 Rb8 17. Qc2 Nc4 18.
b3 Na3 19. Qd3 g5 20. Rac1 g6 21. f4 gxf4 22. Bxf4 Nxf4 23. gxf4 Kf8 24. f5 gxf5 25.
Nxd5 exd5 26. Bxd5 Qd7 27. Bxc6 Qe6 28. Rxf5 Rg8+ 29. Kh1 Qg6 30. Qf3 Rb6 31. Bd5 Rg7 32.
Rc8+ Bd8 33. Rxd8+ Ke7 34. Rxf7+ Rxf7 35. Qxf7+ Kxd8 36. Qf8+ Kc7 37. Qc5+ Kb8 38. Qf8+ Kc7 39. Qe7+ Kb8 40.
Qd8# 1-0

[Event "Early-Titled-Tuesday-Blitz-February-20-2024"]
[Site "Chess.com"]
[Date "2024.02.20"]
[Round "4"]
[White "Zarinur"]
[Black "FREDERICKtheMATE"]
[Result "0-1"]
[WhiteElo "2495"]
[BlackElo "2683"]
[TimeControl "180+1"]
[EndTime "8:39:39 PST"]
[Termination "FREDERICKtheMATE won by resignation"]

1. e4 c5 2. Nf3 Nc6 3. Bb5 g6 4. O-O Bg7 5. c3 e5 6. d4 cxd4 7. cxd4 exd4 8. Bf4 a6 9. Bc4 d6 10. Nbd2 Nge7 11. Nb3 b5 12. Bd5 Nxd5 13. exd5 Ne7 14. Nbxd4 O-O 15. Rc1 Ra7 16. Rc2 Bf5 17. Nxf5 Nxf5 18.
Ng5 Be5 19. Qd2 Nd4 20. Bxe5 dxe5 21. Rc5 Rd7 22. Ne4 f5 23. Nc3 b4 24. Nd1 Rxd5 25. Rxd5 Qxd5 26. Qxb4 Qxa2 27. Ne3 Qe6 28. h4 f4 29. Nc4 Qg4 30. Qe7 Nf3+ 31. Kh1 Nxh4 32. Rg1 f3 33. Nxe5 fxg2+ 34. Kh2 Qf4+ 35. Kh3 Nf5 36. Qe6+ Kh8 37. Kxg2 Nd4 38. Qe7 Qxf2+ 39. Kh3 Qe3+ 40. Rg3 Qh6+ 41. Kg2 Nf5 42. Nxg6+ hxg6 43. Rh3 Qxh3+ 44. Kxh3 Nxe7 0-1

[Event "Early-Titled-Tuesday-Blitz-February-20-2024"]
[Site "Chess.com"]
[Date "2024.02.20"]
[Round "4"]
[White "janhelmer03"]
[Black "Cambek64"]
[Result "0-1"]
[WhiteElo "2185"]
[BlackElo "2477"]
[TimeControl "180+1"]
[EndTime "8:39:40 PST"]
[Termination "Cambek64 won by resignation"]

1. d4 c5 2. d5 e5 3. Nd2 d6 4. e4 Be7 5. Ngf3 Nf6 6. h3 O-O 7. Be2 Nbd7 8. O-O a6 9. a4 b6 10. c4 a5 11. Qc2 Ne8 12. Bd3 g6 13. Re1 Ng7 14. Nb1 f5 15. Nc3 f4 16. Nh2 h5 17. Be2 Nf6 18. f3 Nh7 19. Nd1 Bh4 20.
Rf1 Bd7 21. Bd2 Kh8 22. Nf2 Rg8 23. Nh1 Qe7 24. Rfb1 Raf8 25. Bf1 Bg3 26. Be1 Qh4 27. Qd2 g5 28. Bd3 Rf6 29. Nf1 Bxe1 30. Qxe1 Qxe1 31.
Rxe1 g4 32. hxg4 hxg4 33. fxg4 Bxg4 34. Be2 Bd7 35. Bf3 Ng5 36. Nh2 Rg6 37. Kf2 Nxf3 38. gxf3 Nh5 39. Rg1 Rxg1 40. Rxg1 Rxg1 41. Kxg1 Bxa4 42.
Ng4 Kg7 43. Nhf2 Bb3 44. Nh3 Kg6 45. Kf2 Bxc4 46. Ke1 Bb5 47. Kd2 Bd7 48. Nhf2 Nf6 49. Nxf6 Kxf6 50. Kc3 b5 51. Nd3 a4 52. Ne1 Kg5 53. Nd3 Kh4 54. Kd2 Kg3 55. Ke2 b4 0-1

[Event "Early-Titled-Tuesday-Blitz-February-20-2024"]
[Site "Chess.com"]
[Date "2024.02.20"]
[Round "4"]
[White "poummba"]
[Black "Navyblue1"]
[Result "1-0"]
[WhiteElo "2374"]
[BlackElo "2126"]
[TimeControl "180+1"]
[EndTime "8:39:40 PST"]
[Termination "poummba won by resignation"]

1. e4 c5 2. Nf3 d6 3. Nc3 Nf6 4. e5 dxe5 5. Nxe5 e6 6. g3 Nbd7 7. d4 Nxe5 8. dxe5 Qxd1+ 9. Nxd1 Nd5 10. Ne3 Be7 11. Bg2 Nxe3 12. Bxe3 O-O 13. O-O-O Rb8 14. Rd2 b6 15. Rhd1 Bb7 16. Rd7 Bxg2 17. Rxe7 a6 18.
Rd6 Bd5 19. b3 a5 20. c4 Be4 21. a4 Rfd8 22. Rdd7 Rxd7 23. Rxd7 h5 24. Rd6 Rb7 25. Bg5 Kh7 26. Bd8 Kg6 27. Bxb6 Kf5 28. f4 Kg4 29. Kb2 Kh3 30. Bxa5 Kxh2 31. Be1 Kg2 32. a5 Kf1 33. Rd1 Ke2 34. Ra1 Ra7 35. Kc3 Bb7 36. b4 cxb4+ 37. Kxb4 Ra6 38. Kb5 Rc6 39. a6 Bxa6+ 40. Rxa6 Rc8 41.
Ra1 Kd3 42. c5 Ke4 43. Kb6 Kd5 44. Rd1+ Kc4 45. c6 1-0

[Event "Early-Titled-Tuesday-Blitz-February-20-2024"]
[Site "Chess.com"]
[Date "2024.02.20"]
[Round "4"]
[White "Polish_fighter3000"]
[Black "Witik"]
[Result "1-0"]
[WhiteElo "3054"]
[BlackElo "2769"]
[TimeControl "180+1"]
[EndTime "8:39:41 PST"]
[Termination "Polish_fighter3000 won on time"]

1. e4 c6 2. c4 d5 3. e5 d4 4. f4 c5 5. Nf3 Nc6 6. d3 h5 7. Nbd2 Nh6 8. Ne4 Bg4 9. Be2 e6 10. O-O Nf5 11. Nfg5 Bxe2 12. Qxe2 Be7 13. a3 Qd7 14.
Bd2 a5 15. g3 f6 16. exf6 gxf6 17. Nf3 Ra6 18. Rae1 Kd8 19. Rf2 Kc7 20. Rg2 Rg8 21. h3 Raa8 22. g4 hxg4 23. hxg4 Nh6 24. Nf2 Nd8 25. f5 Nxf5 26. gxf5 Rxg2+ 27. Kxg2 e5 28. Nh4 Nf7 29. Rh1 Rg8+ 30. Kf1 Nd6 31. Qf3 Qa4 32. Ke2 Qc2 33. Ng6 Bd8 34. Rh7+ Kb6 35. Rd7 Bc7 36. Ne7 e4 37. Nxe4 Nxc4 38. Nd5+ Ka7 39. dxc4 Qxc4+ 40. Kf2 1-0

[Event "Early-Titled-Tuesday-Blitz-February-20-2024"]
[Site "Chess.com"]
[Date "2024.02.20"]
[Round "4"]
[White "Hikaru"]
[Black "CM_rui"]
[Result "1-0"]
[WhiteElo "3266"]
[BlackElo "2592"]
[TimeControl "180+1"]
[EndTime "8:39:41 PST"]
[Termination "Hikaru won by checkmate"]

1. h4 h5 2. d4 d5 3. c4 Nf6 4. cxd5 Nxd5 5. e4 Nb6 6. Nc3 g6 7. Be3 Bg7 8. Qd2 Nc6 9. O-O-O a6 10. f4 Bg4 11. Nf3 Na5 12. b3 Qd6 13. Kb1 O-O-O 14. Be2 Qb4 15. Ka1 c5 16. Ne5 Bxe5 17. fxe5 Bxe2 18.
Nxe2 Qa3 19. Qc3 Kb8 20. d5 Nd7 21. Bd2 b6 22. Rhf1 f6 23. exf6 Nxf6 24. Ng3 Ka7 25. Bc1 Qb4 26. Bb2 Rhf8 27. Qxb4 cxb4 28. d6 Ng8 29.
Rxf8 Rxf8 30. dxe7 Nxe7 31. Rd7+ Nb7 32. Rxe7 Rf2 33. Be5 Rxg2 34. Rg7 g5 35. Nxh5 a5 36. hxg5 Ka6 37. Bd4 a4 38. Rg6 a3 39. Rxb6+ Ka5 40. Rxb7 Rd2 41. Kb1 Rd1+ 42. Kc2 Rh1 43. g6 Rh2+ 44.
Kd3 Rxh5 45. Kc4 Rh6 46. Ra7# 1-0

[Event "Early-Titled-Tuesday-Blitz-February-20-2024"]
[Site "Chess.com"]
[Date "2024.02.20"]
[Round "4"]
[White "Thjop"]
[Black "seasidesunset"]
[Result "0-1"]
[WhiteElo "2630"]
[BlackElo "2276"]
[TimeControl "180+1"]
[EndTime "8:39:41 PST"]
[Termination "seasidesunset won by resignation"]

1. e4 e6 2. d4 d5 3. Nd2 dxe4 4. Nxe4 Nf6 5. Nxf6+ Qxf6 6. Nf3 Nc6 7. Bd3 h6 8. c3 Be7 9. Qe2 g5 10. Bd2 Bd7 11.
O-O-O O-O-O 12. h3 Qg7 13. g4 Rhe8 14. Rhe1 f5 15.
Kb1 Bf6 16. Qf1 fxg4 17. hxg4 e5 18. dxe5 Nxe5 19. Nxe5 Bxe5 20. f3 Bc6 21. Bf5+ Kb8 22. Bc1 a6 23. Rxd8+ Rxd8 24. Qe2 Re8 25. Qd1 Qf8 26.
Qd3 Bd6 27. Rxe8+ Qxe8 28. Be4 Bxe4 29. Qxe4 Qxe4+ 30. fxe4 Kc8 31. Kc2 Kd7 32. Kd3 Ke6 33.
Ke2 Be5 34. Kf3 Kf7 35. Bd2 Kg6 36. b3 b5 37. c4 c6 38. cxb5 cxb5 39. a4 h5 40.
gxh5+ Kxh5 41. axb5 axb5 42. Be3 g4+ 43. Kg2 Kg6 44. Bd2 Kf6 45. Be1 Kg5 46. Bg3 Bf4 47. e5 Bxg3 48. Kxg3 Kf5 49. e6 Kxe6 50. Kxg4 Kd5 51. Kf3 Kd4 52. Ke2 Kc3 53. Kd1 Kxb3 0-1

[Event "Early-Titled-Tuesday-Blitz-February-20-2024"]
[Site "Chess.com"]
[Date "2024.02.20"]
[Round "4"]
[White "nindjaxx8"]
[Black "Ariadna_Atreides"]
[Result "0-1"]
[WhiteElo "2617"]
[BlackElo "2195"]
[TimeControl "180+1"]
[EndTime "8:39:41 PST"]
[Termination "Ariadna_Atreides won by checkmate"]

1. d4 Nf6 2. c4 e6 3. Nc3 Bb4 4.
Qc2 O-O 5. a3 Bxc3+ 6. bxc3 c5 7. Nf3 b6 8. Bg5 h6 9. Bh4 Bb7 10. e3 d6 11. Be2 Nbd7 12. O-O Qc7 13. Bg3 Ne4 14. Rad1 Nxg3 15. hxg3 Nf6 16. Qb2 e5 17. dxe5 dxe5 18. Nh4 Qc6 19. Bf3 e4 20. Be2 Qe6 21.
g4 Nxg4 22. Bxg4 Qxg4 23. g3 g5 24. Ng2 Qh3 25. Rd6 Bc8 26. Qc2 Bf5 27. Rd5 Rae8 28. Rxf5 Qxf5 29. Qe2 Rd8 30. Qh5 Qg6 31. Qe2 Rd3 32.
a4 Rxc3 33. a5 Rd8 34. axb6 axb6 35. Qa2 Rcd3 36. Qa1 Qd6 37. Qb2 Rd1 38. Re1 Rxe1+ 39. Nxe1 Qd2 40. Qa1 Qe2 41. Qf6 Qxe1+ 42. Kg2 Qd1 43.
Qxh6 Qf3+ 44. Kh2 Qxf2+ 45. Kh3 Qf5+ 46. g4 Qf3+ 47. Kh2 Rd2+ 48. Kg1 Qg2# 0-1

[Event "Early-Titled-Tuesday-Blitz-February-20-2024"]
[Site "Chess.com"]
[Date "2024.02.20"]
[Round "4"]
[White "mr_gustavo"]
[Black "TigrVShlyape"]
[Result "1-0"]
[WhiteElo "2745"]
[BlackElo "2917"]
[TimeControl "180+1"]
[EndTime "8:39:43 PST"]
[Termination "mr_gustavo won on time"]

1. Nf3 d5 2. e3 Nf6 3. c4 c6 4. b3 Bf5 5. Bb2 e6 6. Be2 h6 7.
O-O Nbd7 8. d3 Be7 9. Nbd2 O-O 10. Nd4 Bh7 11. f4 a5 12. a3 Re8 13. N2f3 Bd6 14. Qd2 e5 15. fxe5 Nxe5 16. cxd5 Nxd5 17. e4 Nf6 18. Qc2 Qb6 19. Kh1 Rad8 20. Nh4 Neg4 21. Ndf5 Be5 22. d4 Bxh2 23. e5 Nxe5 24. dxe5 Bxe5 25. Bxe5 Rxe5 26. Rad1 Rde8 27. Bd3 Bxf5 28. Nxf5 Ng4 29. Bc4 Qc7 30. Nd6 Rh5+ 31. Kg1 Qb6+ 32. Rf2 Qxf2+ 33. Qxf2 Rh1+ 34. Kxh1 Nxf2+ 35. Kg1 Nxd1 36. Bxf7+ Kf8 37. Bxe8 Ke7 38. Bh5 Kxd6 39. Bxd1 Ke5 40.
Kf2 Kd4 41. Kf3 b5 42. Kf4 Kc3 43. Kf5 Kd2 44. Bf3 c5 45. Bd5 1-0

[Event "Early-Titled-Tuesday-Blitz-February-20-2024"]
[Site "Chess.com"]
[Date "2024.02.20"]
[Round "4"]
[White "sofaceindisguise"]
[Black "kpio91"]
[Result "1-0"]
[WhiteElo "2675"]
[BlackElo "2878"]
[TimeControl "180+1"]
[EndTime "8:39:44 PST"]
[Termination "sofaceindisguise won on time"]

1. c4 d6 2. g3 e5 3. Bg2 f5 4.
Nc3 Nf6 5. e3 Be7 6. Nge2 O-O 7.
O-O c6 8. b4 Be6 9. d3 Nbd7 10.
b5 Qc7 11. bxc6 bxc6 12. e4 fxe4 13. Nxe4 Nxe4 14. Bxe4 Nc5 15. Bg2 Bg4 16. Be3 Ne6 17. Qd2 Rad8 18. Rab1 h6 19. Rb3 Ng5 20. Bxg5 Bxg5 21. Qc2 h5 22. h4 Bh6 23. Rfb1 Qf7 24. Nc3 Bf3 25. Rb7 Qf5 26. Bxf3 Qxf3 27. Qe2 Qxe2 28.
Nxe2 Rf3 29. Rb8 Rxb8 30. Rxb8+ Kh7 31. Rb3 Rf7 32. Kg2 Rc7 33. Nc3 Kg6 34. Ra3 Kf5 35. Ra6 Ke6 36. Ne4 g6 37. Kh3 Bf8 38. f3 Be7 39. g4 Kf7 40. c5 d5 41. Nd6+ Ke6 42. gxh5 gxh5 43. Ne8 Rb7 44. Ng7+ Kd7 45. Nxh5 Bxc5 46.
Nf6+ Kc7 47. h5 Rb1 48. Kg4 Rg1+ 49. Kf5 Bb6 50. Ra4 Bd4 51. Rxd4 exd4 52. h6 Kd6 53. h7 Rh1 54. Kg6 Ke6 55. Nh5 1-0

[Event "Early-Titled-Tuesday-Blitz-February-20-2024"]
[Site "Chess.com"]
[Date "2024.02.20"]
[Round "4"]
[White "Dinosaurio_1975"]
[Black "platy3"]
[Result "0-1"]
[WhiteElo "2610"]
[BlackElo "2957"]
[TimeControl "180+1"]
[EndTime "8:39:44 PST"]
[Termination "platy3 won by resignation"]

1. e4 c5 2. Nf3 e6 3. g3 Nc6 4. Bg2 Nf6 5. Qe2 e5 6. O-O d6 7. c3 Be7 8. Rd1 Bg4 9. h3 Bh5 10.
d3 O-O 11. Nbd2 b5 12. a4 a6 13. Nf1 Re8 14. Ne3 Bf8 15. Qc2 Rb8 16. axb5 axb5 17. Re1 h6 18. Nh4 Nd7 19. Nef5 Qc7 20. g4 Bg6 21.
Nxg6 fxg6 22. Ne3 Nb6 23. Qb3+ Kh7 24. Qxb5 Be7 25. Qb3 Bh4 26. Qc2 Rf8 27. Rf1 Qf7 28.
Nd5 Nxd5 29. exd5 Ne7 30. f4 Nxd5 31. fxe5 Qe6 32. d4 cxd4 33. cxd4 Rxf1+ 34. Bxf1 dxe5 35.
dxe5 Qxe5 36. Ra4 Ne3 37. Qe2 Qg3+ 38. Kh1 Re8 39. Bd2 Qd6 40. Ra3 Nxf1 41. Qxf1 Qxd2 0-1

[Event "Early-Titled-Tuesday-Blitz-February-20-2024"]
[Site "Chess.com"]
[Date "2024.02.20"]
[Round "4"]
[White "SahibSinghKnight"]
[Black "Preobrazhenska_D2011"]
[Result "1-0"]
[WhiteElo "2580"]
[BlackElo "2377"]
[TimeControl "180+1"]
[EndTime "8:39:44 PST"]
[Termination "SahibSinghKnight won by resignation"]

1. e4 c5 2. Nf3 d6 3. d4 cxd4 4.
Nxd4 Nf6 5. Nc3 a6 6. Be3 e5 7. Nf3 Be7 8. Bc4 O-O 9. O-O Qc7 10.
Bb3 Nc6 11. Bg5 Bg4 12. Bxf6 Bxf6 13. Nd5 Qd8 14. c3 Be7 15. Qd3 Kh8 16. h3 Be6 17. Rfd1 f5 18. Nxe7 Qxe7 19. Qxd6 Qxd6 20. Rxd6 Bxb3 21.
axb3 fxe4 22. Ng5 e3 23. fxe3 h6 24. Ne6 Rf6 25. Rad1 Ne7 26. Rd8+ Rxd8 27. Rxd8+ Ng8 28. Nc5 Rf7 29. Re8 Kh7 30. Rxe5 Nf6 31. e4 Rc7 32. Ne6 Rc8 33. Nf4 Rd8 34. Nd5 Nd7 35. Re7 b5 36. b4 Kg8 37. Re6 Nf8 38. Rxa6 Re8 39. Rb6 Rxe4 40. Rxb5 Re2 41. c4 Rxb2 42. c5 Kf7 43. c6 Ke6 44. Nb6 Rc2 45. Rc5 Rxc5 46.
bxc5 Ng6 47. c7 Ne7 48. c8=Q+ Nxc8 49. Nxc8 Kd5 50. Ne7+ Kxc5 51. Nf5 g6 52. Nxh6 1-0

[Event "Early-Titled-Tuesday-Blitz-February-20-2024"]
[Site "Chess.com"]
[Date "2024.02.20"]
[Round "4"]
[White "Chessmissile07"]
[Black "NovoselovRoman"]
[Result "1-0"]
[WhiteElo "2884"]
[BlackElo "2540"]
[TimeControl "180+1"]
[EndTime "8:39:45 PST"]
[Termination "Chessmissile07 won on time"]

1. a3 e6 2. c4 d5 3. g3 Nf6 4. Bg2 Be7 5. Nf3 O-O 6. cxd5 exd5 7. O-O Nc6 8. b4 Bg4 9. Bb2 Qd7 10. b5 Na5 11. Qa4 Nc4 12. Qb3 Bh3 13. d3 Bxg2 14. Kxg2 Nxb2 15. Qxb2 Rfe8 16. Nbd2 Bd6 17. Rfe1 Qf5 18.
a4 Re7 19. Nb3 Rae8 20. Rac1 h5 21. h4 Ng4 22. Qd2 g6 23. Nbd4 Qd7 24. Nh2 Nxh2 25. Kxh2 Qg4 26. Nf3 Qf5 27. Kg2 a6 28. bxa6 bxa6 29.
Rc2 c5 30. Qg5 Qe6 31. e4 d4 32. Rb1 Qd7 33. Rc4 Qc6 34. Nxd4 Qd7 35. Nf3 Be5 36. Rb3 Bg7 37. Rxc5 Qxa4 38. Rb8 Rxb8 39. Qxe7 Qd1 40. Rc7 Rf8 41. Ng5 Qxd3 42. Nxf7 1-0

[Event "Early-Titled-Tuesday-Blitz-February-20-2024"]
[Site "Chess.com"]
[Date "2024.02.20"]
[Round "4"]
[White "MaestroCheck"]
[Black "Matols"]
[Result "1-0"]
[WhiteElo "2568"]
[BlackElo "2372"]
[TimeControl "180+1"]
[EndTime "8:39:46 PST"]
[Termination "MaestroCheck won on time"]

1. e4 c6 2. d4 d5 3. Nd2 dxe4 4.
Nxe4 Nf6 5. Nxf6+ exf6 6. c3 Bd6 7. Bd3 O-O 8. Qc2 Re8+ 9. Ne2 h5 10. O-O h4 11. h3 Be6 12. Bd2 Nd7 13. Rae1 Nf8 14. f4 b5 15. b3 Qb6 16. f5 Bd7 17. Bf4 c5 18. Bxd6 Qxd6 19. dxc5 Qxc5+ 20. Nd4 b4 21. Bc4 bxc3 22. Qxc3 Rac8 23. Rxe8 Bxe8 24. Rc1 Nd7 25.
Kh1 Kh8 26. Qe3 Qe5 27. Qf2 Qg3 28. Qxg3 hxg3 29. Ne2 Ne5 30. Nxg3 Bb5 31. Ne4 Bxc4 32. Nd6 Rc5 33. bxc4 Nd3 34. Rc3 Ne5 35. Kg1 Kg8 36. Ra3 a5 37. Nb7 Rxc4 38. Nxa5 Rc2 39. Nb7 Kh7 40. Nd6 Kh6 41. Ne4 Kh5 42. Rg3 Kh6 43. a3 Ra2 44. Nd6 Kh7 45. Rb3 Kh6 46. Kh2 Kh7 47. h4 Kh6 48. Kh3 Kh7 49. g4 Kh6 50.
Kg3 Kh7 51. Ne4 Kh6 52. g5+ fxg5 53. hxg5+ Kh5 54. Kf4 1-0

[Event "Early-Titled-Tuesday-Blitz-February-20-2024"]
[Site "Chess.com"]
[Date "2024.02.20"]
[Round "4"]
[White "Tocras"]
[Black "Sanan_Sjugirov"]
[Result "1/2-1/2"]
[WhiteElo "2715"]
[BlackElo "2907"]
[TimeControl "180+1"]
[EndTime "8:39:48 PST"]
[Termination "Game drawn by agreement"]

1. e4 c5 2. Nc3 Nc6 3. Bb5 Nd4 4. Nf3 a6 5. Bd3 g6 6. O-O Bg7 7. Rb1 Nc6 8. a3 d6 9. b4 cxb4 10. axb4 b5 11. Nd5 Nf6 12. Bb2 O-O 13. Bxf6 Bxf6 14.
Nxf6+ exf6 15. c3 d5 16. exd5 Qxd5 17. Qc2 Qd6 18. Be4 Bb7 19. Rfe1 f5 20. Bxc6 Bxc6 21. Nd4 Bb7 22. f3 Rac8 23. Qd3 Rfd8 24. Qe3 Rd7 25. Qe5 Qb6 26. h4 Bd5 27. Re3 f6 28. Qf4 Qc7 29.
Qxc7 Rdxc7 30. Rbe1 Kf7 31. Kf2 f4 32. R3e2 h6 33.
Ne6 Bxe6 34. Rxe6 Rd8 35. Rxa6 Rxd2+ 36. Kg1 Re7 37. Rxe7+ Kxe7 38. Rb6 Rc2 39. Rxb5 Rxc3 40. Kh2 Ke6 41. Rb8 Rb3 42. b5 Kf5 43. b6 h5 44. Kg1 Rb2 45. Kf1 1/2-1/2

[Event "Early-Titled-Tuesday-Blitz-February-20-2024"]
[Site "Chess.com"]
[Date "2024.02.20"]
[Round "4"]
[White "maciek_92"]
[Black "IriBu"]
[Result "1-0"]
[WhiteElo "2813"]
[BlackElo "2589"]
[TimeControl "180+1"]
[EndTime "8:39:48 PST"]
[Termination "maciek_92 won by checkmate"]

1. c4 Nf6 2. Nc3 g6 3. d4 Bg7 4.
e4 d6 5. Be2 O-O 6. g4 c5 7. d5 e6 8. g5 Nfd7 9. dxe6 fxe6 10.
Qxd6 Ne5 11. Qxd8 Rxd8 12. Be3 Na6 13. f4 Nd3+ 14. Bxd3 Bxc3+ 15. bxc3 Rxd3 16. Kf2 Bd7 17. Ne2 Bc6 18. Rhd1 Bxe4 19. Ng3 Rxd1 20. Rxd1 Bc6 21. h4 Kf7 22. h5 Rh8 23. f5 exf5 24. Rd6 Ke7 25. Bf4 Be8 26. Rf6 Rg8 27. Bd6+ Kd7 28. h6 b6 29. Be5 Nc7 30. Bxc7 Kxc7 31. Ne2 Kd7 32. Nf4 Ke7 33. Ke3 Bd7 34. Nd5+ Ke8 35. Kf4 Rh8 36. Rd6 Bc8 37. Ke5 f4 38. Kxf4 Rf8+ 39.
Nf6+ Ke7 40. Rc6 Bd7 41. Rc7 Ke6 42. Rxa7 Rf7 43. Rb7 Rf8 44. Rxb6+ Ke7 45. Ke5 Bc8 46. Rc6 Kd8 47. Nxh7 Rf5+ 48. Kd6 Rf4 49. Rxc5 Rf3 50. Nf6 Bf5 51. h7 Rd3+ 52. Rd5 Rh3 53. Rxf5 gxf5 54. g6 Rh6 55. Ke5 f4 56. Kxf4 Ke7 57. Ng8+ Kf8 58. Nxh6 Kg7 59. Kg5 Kh8 60. a4 Kg7 61. Nf5+ Kh8 62.
Nd6 Kg7 63. a5 Kh8 64. Nf7+ Kg7 65. h8=Q# 1-0

[Event "Early-Titled-Tuesday-Blitz-February-20-2024"]
[Site "Chess.com"]
[Date "2024.02.20"]
[Round "4"]
[White "hsd2016"]
[Black "malakismayil"]
[Result "0-1"]
[WhiteElo "2334"]
[BlackElo "2528"]
[TimeControl "180+1"]
[EndTime "8:39:48 PST"]
[Termination "malakismayil won on time"]

1. e4 e5 2. Nf3 Nc6 3. Bb5 a6 4. Bxc6 dxc6 5. O-O f6 6. d4 exd4 7. Nxd4 c5 8. Ne2 Qxd1 9. Rxd1 Bd6 10. Bf4 Bxf4 11.
Nxf4 Ne7 12. Nc3 c6 13. Na4 O-O 14. Nxc5 Re8 15. f3 Ng6 16. Nxg6 hxg6 17. Rd6 Kf7 18. Rad1 Re5 19. Na4 Be6 20. Nb6 Re8 21. c4 g5 22. b3 g4 23. Nd7 Ra5 24. a4 gxf3 25. gxf3 Rg5+ 26. Kf2 Rh8 27. Rh1 Ke7 28. Rxe6+ Kxe6 29. Nb6 Kd6 30. h4 Rgh5 31. Rd1+ Kc7 32. c5 Rxc5 33.
Nc4 Rxh4 34. Rg1 Rg5 35. Rd1 b5 36. Nd6 Rh2+ 37. Ke3 Rb2 38. Rd3 Rgg2 39. a5 Rge2+ 40. Kf4 Red2 41. Ne8+ Kc8 42. Rc3 Rbc2 43. Re3 Rd7 44.
e5 fxe5+ 45. Rxe5 Rc3 46. Rf5 Rxb3 47. Rf8 Kb7 48. Kg4 c5 0-1

[Event "Early-Titled-Tuesday-Blitz-February-20-2024"]
[Site "Chess.com"]
[Date "2024.02.20"]
[Round "4"]
[White "FARIZA2018"]
[Black "Elsa167"]
[Result "0-1"]
[WhiteElo "2572"]
[BlackElo "2898"]
[TimeControl "180+1"]
[EndTime "8:39:49 PST"]
[Termination "Elsa167 won by resignation"]

1. e4 e6 2. d4 d5 3. Nd2 c5 4. exd5 Qxd5 5. Ngf3 cxd4 6. Bc4 Qd7 7.
O-O Nc6 8. Nb3 a6 9. Nbxd4 Nxd4 10. Nxd4 Qc7 11. Bb3 Bd6 12. Re1 Ne7 13. Qh5 Ng6 14. c3 Bd7 15. Nf5 Be5 16. Ne3 Bc6 17.
Nc4 Bf4 18. Be3 O-O 19. Rad1 Bxe3 20. Nxe3 Rad8 21. Bc2 Qb6 22. b3 Qc7 23. c4 b6 24.
h3 a5 25. Ng4 Bxg2 26. Bxg6 hxg6 27. Qh4 Bb7 28. Rxd8 Rxd8 29. Ne5 g5 30. Qg3 f6 31.
Ng4 Qxg3+ 32. fxg3 e5 33. Re2 Kf7 34. Ne3 Ke6 35. Kf2 Rd3 36. g4 g6 37. Rc2 f5 38.
Ke2 e4 39. gxf5+ gxf5 40. c5 f4 41. Nc4 bxc5 42. Nxa5 Ba6 43. Nc4 Rxh3 44. Rd2 Bxc4+ 45. bxc4 Rh2+ 0-1

[Event "Early-Titled-Tuesday-Blitz-February-20-2024"]
[Site "Chess.com"]
[Date "2024.02.20"]
[Round "4"]
[White "jens1102"]
[Black "DonkyDonkyDonkey"]
[Result "0-1"]
[WhiteElo "2712"]
[BlackElo "2920"]
[TimeControl "180+1"]
[EndTime "8:39:49 PST"]
[Termination "DonkyDonkyDonkey won by resignation"]

1. d4 Nf6 2. Nf3 g6 3. c4 Bg7 4. Nc3 d5 5. cxd5 Nxd5 6. Bd2 Nb6 7. e3 O-O 8. h4 h5 9. Ng5 N8d7 10. Bd3 c5 11. d5 Ne5 12. Be4 f6 13. Nf3 Bg4 14. Qc2 Bxf3 15. Bxf3 c4 16. O-O f5 17. Rfd1 Nxf3+ 18. gxf3 e6 19. dxe6 Qxh4 20. Ne2 Qh3 21. Ba5 Qxf3 22.
Bxb6 Qg4+ 23. Kf1 axb6 24. Nf4 b5 25. e7 Rfe8 26. Rd6 g5 27. Nd5 h4 28. Qe2 Rac8 29. Qxg4 fxg4 30. Ke2 Kf7 31. Rg1 Rc6 32. Rxc6 bxc6 33.
Nc3 h3 34. Ne4 Rxe7 35. Nxg5+ Kf6 36. Rxg4 h2 37. Nh7+ Kf5 38. Rh4 Bxb2 39. Rxh2 c3 40. Rh5+ Kg6 41. Rc5 Kxh7 42. Rxc6 Rd7 43. f4 Rd2+ 44.
Kf3 c2 45. e4 c1=Q 46. Rxc1 Bxc1 47. e5 Rxa2 48. Ke4 Ra4+ 49. Kd5 Rxf4 50. e6 Rf2 51. Kd6 Re2 52. e7 Ba3+ 53. Kd7 Bxe7 54. Kc7 b4 55. Kd7 b3 56. Ke8 b2 57. Kf7 b1=R 58. Ke8 Ba3+ 59.
Kf7 0-1

[Event "Early-Titled-Tuesday-Blitz-February-20-2024"]
[Site "Chess.com"]
[Date "2024.02.20"]
[Round "4"]
[White "EsmeraldasAnderson03"]
[Black "BashirliSaadat"]
[Result "1-0"]
[WhiteElo "2536"]
[BlackElo "2354"]
[TimeControl "180+1"]
[EndTime "8:39:50 PST"]
[Termination "EsmeraldasAnderson03 won by resignation"]

1. d4 Nf6 2. c4 g6 3. Nc3 Bg7 4. e4 d6 5. Be2 O-O 6. Be3 c5 7. dxc5 Qa5 8. f3 dxc5 9. Bd3 Nc6 10. Qc2 Nb4 11. Qe2 Nxd3+ 12. Qxd3 Be6 13. Nh3 Rfd8 14. Qe2 Qb4 15. a3 Qxc4 16. Qxc4 Bxc4 17. Bxc5 Rd7 18. Rd1 Rxd1+ 19. Kxd1 Rd8+ 20. Kc1 Bh6+ 21. Kc2 Rd2+ 22. Kc1 Rd5+ 23. Kb1 Rxc5 24. Rd1 Kg7 25. Nf2 Be3 26. Nh3 Rc7 27. g4 Rd7 28. Re1 Bd2 29.
Rg1 Bxc3 30. bxc3 Rd3 31. g5 Nd7 32. Kb2 Rxf3 33. Rg3 Rf2+ 34. Nxf2 Nc5 35. a4 Nxa4+ 36. Ka3 Nb6 37. Kb4 h6 38. gxh6+ Kxh6 39. Ng4+ Kg7 40. Ne5 Be6 41. Nd3 Nc8 42. Nc5 Nd6 43.
e5 Nf5 44. Rd3 b6 45. Nxe6+ fxe6 46. Rd7 a6 47. Ra7 a5+ 48. Kb5 Kf7 49. Kxb6 Ne3 50. Kb5 Ng4 51. c4 Nxe5 52. c5 Ke8 53. c6 Kd8 54.
Kb6 Nc4+ 55. Kb7 Nd6+ 56. Kb8 e5 57. Rd7+ Ke8 58. Rxd6 exd6 59. c7 e4 60. c8=Q+ Ke7 61. Qb7+ Kf6 62. Qxe4 g5 63. Qa4 1-0

[Event "Early-Titled-Tuesday-Blitz-February-20-2024"]
[Site "Chess.com"]
[Date "2024.02.20"]
[Round "4"]
[White "Boundless_Strike"]
[Black "Angry_Twin"]
[Result "1-0"]
[WhiteElo "2629"]
[BlackElo "2967"]
[TimeControl "180+1"]
[EndTime "8:39:51 PST"]
[Termination "Boundless_Strike won by checkmate"]

1. d4 Nf6 2. f3 d5 3. e4 dxe4 4. Nc3 exf3 5. Nxf3 Bf5 6. Ne5 e6 7. g4 Be4 8. Nxe4 Nxe4 9. Qf3 Nd6 10. Bf4 f6 11. O-O-O Be7 12. Nd3 O-O 13. Nc5 Qc8 14.
Qb3 Kh8 15. Nxe6 Re8 16. h4 Nc6 17. d5 Ne5 18. g5 Ng6 19. Bg3 Nf8 20. Bh3 Nxe6 21.
Bxe6 Qd8 22. h5 Ne4 23. h6 g6 24. gxf6 Bxf6 25. Be1 Qd6 26. Rf1 Bg5+ 27. Kb1 Rxe6 28. Bb4 Nc5 29. Bxc5 Qxc5 30. dxe6 Re8 31. Rd5 Qe3 32.
Qxe3 Bxe3 33. e7 Bxh6 34. Rd8 Kg7 35. Rxe8 Bg5 36. Rg8+ Kh6 37. e8=Q Bf6 38. Rxf6 Kg5 39. Qe5+ Kh6 40. Rfxg6+ hxg6 41. Qf4+ Kh7 42. Qf7+ Kh6 43.
Qxg6# 1-0

[Event "Early-Titled-Tuesday-Blitz-February-20-2024"]
[Site "Chess.com"]
[Date "2024.02.20"]
[Round "4"]
[White "Christ_is_alive"]
[Black "zajka-molotok"]
[Result "0-1"]
[WhiteElo "2280"]
[BlackElo "2504"]
[TimeControl "180+1"]
[EndTime "8:39:51 PST"]
[Termination "zajka-molotok won on time"]

1. e4 c5 2. Nf3 Nc6 3. d4 cxd4 4. Nxd4 Nf6 5. Nc3 e5 6. Ndb5 d6 7. Bg5 a6 8. Na3 b5 9. Nd5 Be7 10. Bxf6 Bxf6 11. c4 b4 12. Nc2 a5 13. g3 O-O 14. Bg2 g6 15. Nxf6+ Qxf6 16. Ne3 Nd4 17. O-O Bb7 18. Qd3 Rfd8 19. Rad1 Rac8 20. f4 Qg7 21. f5 f6 22. fxg6 hxg6 23. Rf2 Rf8 24.
Rdf1 Rc7 25. Ng4 Rcf7 26. c5 Bc8 27. Ne3 dxc5 28. Qc4 Be6 29. Qxc5 Bxa2 30. Qxa5 Be6 31. Qxb4 Qh6 32. Nd5 Bxd5 33. exd5 f5 34. d6 Rd7 35.
Qc5 Qe3 36. Kh1 Rfd8 37. Rf3 Qe2 38. R3f2 Qb5 39. Rc1 Rxd6 40. Qxb5 Nxb5 41. Rc5 Rd1+ 42. Rf1 Rxf1+ 43. Bxf1 Rd1 44. Rxb5 Rxf1+ 45. Kg2 Re1 46. Kf2 Re4 47. Rb7 Rc4 48. Re7 e4 0-1